 Dungeon Crawl Stone Soup version 0.26-a0-639-g72c4674329 (webtiles) character file.

Game seed: 10560369136506634371

282204 toffzen the Warrior (level 20, -16/191 HPs)
             Began as a Minotaur Delver on Sept 11, 2020.
             Was the Champion of Makhleb.
             Killed from afar by Nikola (23 damage)
             ... with a chain lightning
             ... on level 1 of the Shoals on Sept 16, 2020.
             The game lasted 02:01:30 (53256 turns).

toffzen the Warrior (Minotaur Delver)              Turns: 53256, Time: 02:01:31

Health: -16/191    AC: 21    Str: 23 (24) XL:     20   Next: 9%
Magic:  0/30       EV: 16    Int:  7      God:    Makhleb [******]
Gold:   3000       SH:  0    Dex: 15 (17) Spells: 19/19 levels left

rFire    . . .     SeeInvis .   a - +8 frozen axe "Frostbite" {freezing cloud, *Noise +Fly rC+}
rCold    + . .     Faith    .   (shield currently unavailable)
rNeg     . . .     Spirit   +   C - +0 plate armour {MR+}
rPois    +         Reflect  .   (helmet restricted)
rElec    .         Harm     .   O - +0 cloak
rCorr    .         Rampage  .   P - +1 pair of gloves {Dex+3}
MR       +++..                  G - +2 pair of boots
Stlth    ..........             K - amulet of guardian spirit
HPRegen  0.41/turn              n - ring of poison resistance
MPRegen  0.22/turn              Q - ring of protection from magic

@: no status effects
A: retaliatory headbutt, horns 2, [deformed body]
}: 1/15 runes: gossamer
a: Minor Destruction, Lesser Servant of Makhleb, Major Destruction, Greater
Servant of Makhleb, Renounce Religion, Evoke Flight


You were on level 1 of the Shoals.
You worshipped Makhleb.
Makhleb was exalted by your worship.
You visited 8 branches of the dungeon, and saw 35 of its levels.
You visited the Abyss 1 time.
You also visited: Bailey and Ice Cave.

You collected 3849 gold pieces.
You spent 849 gold pieces at shops.

Inventory:

Hand Weapons
 a - the +8 frozen axe "Frostbite" (weapon) {freezing cloud, *Noise +Fly rC+}
   (You acquired it in a bailey)

   It has been specially enchanted to freeze those struck by it, causing extra
   injury to most foes and up to half again as much damage against particularly
   susceptible opponents.
   It can also slow down cold-blooded creatures.
   It protects you from cold.
   It lets you fly.
   It may make noises in combat.
 b - a +3 battleaxe of electrocution
 j - the +7 spear of Wariness {freeze, rC+ Str+3 Int+3}
   (You found it on level 4 of the Lair of Beasts)

   It has been specially enchanted to freeze those struck by it, causing extra
   injury to most foes and up to half again as much damage against particularly
   susceptible opponents.
   It can also slow down cold-blooded creatures.
   It affects your strength (+3).
   It affects your intelligence (+3).
   It protects you from cold.
 y - a +1 vorpal hand crossbow
 S - a +2 broad axe of freezing
Missiles
 h - 1261 stones (quivered)
 s - 676 bolts
 E - a throwing net
Armour
 q - a +7 plate armour of ponderousness
 z - a +0 plate armour of fire resistance
 C - a +0 plate armour of magic resistance (worn)
 G - a +2 pair of boots (worn)
 O - a +0 cloak (worn)
 P - a +1 pair of gloves of dexterity (worn)
Jewellery
 c - an uncursed ring of ice
 n - a ring of poison resistance (left hand)
 K - an amulet of guardian spirit (around neck)
 N - an uncursed ring of protection from fire
 Q - a ring of protection from magic (right hand)
 T - an uncursed ring of protection from magic
Wands
 g - a wand of digging (8)
 p - a wand of random effects (26)
 D - a wand of flame (49)
 M - a wand of iceblast (35)
 X - a wand of disintegration (30)
Scrolls
 d - 8 scrolls of magic mapping
 e - 6 scrolls of fear
 k - 8 scrolls of teleportation
 o - 6 scrolls of immolation
 u - 12 scrolls of remove curse
 w - 4 scrolls of enchant armour
 B - 7 scrolls of enchant weapon
 L - 21 scrolls of identify
 U - 7 scrolls of fog
 Y - a scroll of summoning
Potions
 f - 8 potions of haste
 i - 3 potions of mutation
 l - a potion of invisibility
 m - 3 potions of flight
 r - 9 potions of lignification
 t - 8 potions of curing
 v - 5 potions of brilliance
 x - 2 potions of berserk rage
 F - 7 potions of cancellation
 I - 4 potions of heal wounds
 J - a potion of resistance
 R - 5 potions of magic
 V - 5 potions of might
Miscellaneous
 A - a condenser vane (2/2)
 W - a lightning rod (4/4)
 Z - a box of beasts (3/3)


   Skills:
 + Level 19.5 Fighting
 + Level 18.8 Axes
 + Level 17.1 Armour
 + Level 16.3 Dodging
 - Level 6.0 Stealth
   Level 11.7 Shields
 + Level 15.8 Invocations


You had 19 spell levels left.
You didn't know any spells.
Your spell library contained the following spells:

 Spells                   Type           Power        Failure   Level
 Apportation              Tloc           #.....       98%         1
 Beastly Appendage        Tmut           #.....       98%         1
 Foxfire                  Conj/Fire      #...         98%         1
 Sandblast                Erth           #.....       98%         1
 Summon Small Mammal      Summ           #...         98%         1
 Blink                    Tloc           N/A          99%         2
 Call Imp                 Summ           #.......     99%         2
 Passwall                 Tmut/Erth      #.......     99%         2
 Wereblood                Tmut           #.......     99%         2
 Call Canine Familiar     Summ           #.......     100%        3
 Confusing Touch          Hex            #.......     100%        3
 Conjure Flame            Conj/Fire      #.......     100%        3
 Gell's Gravitas          Tloc           #.........   100%        3
 Inner Flame              Hex/Fire       #.......     100%        3
 Lesser Beckoning         Tloc           #.........   100%        3
 Spider Form              Tmut/Pois      #.........   100%        3
 Static Discharge         Conj/Air       #.......     100%        3
 Stone Arrow              Conj/Erth      #.....       100%        3
 Summon Guardian Golem    Hex/Summ       #.......     100%        3
 Teleport Other           Tloc           #.......     100%        3
 Tukima's Dance           Hex            #.......     100%        3
 Animate Dead             Necr           #.........   100%        4
 Ice Form                 Ice/Tmut       #.......     100%        4
 Passage of Golubria      Tloc           N/A          100%        4
 Petrify                  Tmut/Erth      #.......     100%        4
 Sticky Flame             Conj/Fire      #.......     100%        4
 Summon Ice Beast         Ice/Summ       #.......     100%        4
 Summon Lightning Spire   Summ/Air       #.......     100%        4
 Alistair's Intoxication  Tmut/Pois      #........    100%        5
 Blade Hands              Tmut           #.........   100%        5
 Borgnjor's Vile Clutch   Necr/Erth      #.........   100%        5
 Fireball                 Conj/Fire      #.........   100%        5
 Lee's Rapid Deconstruct  Erth           #.........   100%        5
 Lightning Bolt           Conj/Air       #.........   100%        5
 Metabolic Englaciation   Hex/Ice        #.........   100%        5
 Yara's Violent Unravell  Hex/Tmut       #.........   100%        5
 Death Channel            Necr           #.........   100%        6
 Freezing Cloud           Conj/Ice/Air   #.........   100%        6
 Invisibility             Hex            #.......     100%        6
 Ozocubu's Refrigeration  Ice            #.........   100%        6
 Simulacrum               Ice/Necr       #.........   100%        6
 Ignition                 Fire           #.........   100%        8
 Shatter                  Erth           #.........   100%        9
 Tornado                  Air            #.........   100%        9


Dungeon Overview and Level Annotations

Branches:
Dungeon (15/15)            Temple (1/1) D:4            Lair (6/6) D:8
 Shoals (1/4) Lair:2       Spider (4/4) Lair:3        Slime (0/5) Lair:6
    Orc (2/2) D:9             Elf (2/3) Orc:2        Vaults (4/5) D:13
  Crypt (0/3) Vaults:2     Depths (0/5) D:15         Bailey (visited)
  IceCv (visited)

Altars:
Ashenzari
Cheibriados
Elyvilon
Gozag
Hepliaklqana
Kikubaaqudgha
Makhleb
Nemelex Xobeh
Okawaru
Ru
Trog
Vehumet
Jiyva

Shops:
D:4 *   D:5 :   D:7 (   D:9 ?   D:10 =*   Orc:1 *   Orc:2 [!}!}   Vaults:1 ?
Vaults:2 [   Vaults:4 (

Annotations:
D:5 Dowan, Duvessa
D:6 1 runed translucent door, 1 exclusion, Crazy Yiuf
D:10 3 runed translucent doors, toffzen's ghost, journeyman PaBe
Lair:5 exclusion: oklob plant
Shoals:1 Nikola
Elf:2 1 runed translucent door
Vaults:4 3 runed translucent doors, Foufiw's ghost, adept DENe


Innate Abilities, Weirdness & Mutations

You reflexively headbutt those who attack you in melee.
You have a pair of horns on your head.
[Armour fits poorly on your strangely shaped body.]


Message History

Your ufetubus dies!
The lightning arc hits you!! The lightning arc hits your ynoxinul.
Your ynoxinul resists.
You hear an angry hiss.
You hear a shout!
As you read the scroll of fear, it crumbles to dust.
You assume a fearsome visage.
Nikola resists with almost no effort.
Your ynoxinul is unaffected.
Your ynoxinul barely misses Nikola.
Nikola is engulfed in freezing vapours.
Nikola mumbles some strange words.
You hear a mighty clap of thunder!
The lightning arc hits your ynoxinul!
Your ynoxinul resists.
The lightning arc hits you!!!
* * * LOW HITPOINT WARNING * * *
The lightning arc hits Nikola.
The lightning arc hits you!!
* * * LOW HITPOINT WARNING * * *
The lightning arc hits your ynoxinul!
Your ynoxinul resists.
The lightning arc hits you!!
You die...

≈≈≈≈≈≈≈≈≈≈≈≈.≈≈≈..###
≈≈≈≈≈≈≈≈≈≈≈.≈≈≈≈≈...#
≈≈≈≈≈≈≈...≈...≈≈....
≈≈≈≈≈≈≈P...≈≈..≈... ≈
≈≈≈≈≈≈≈≈.P≈≈≈≈...# ###.≈
≈≈≈≈≈≈≈≈≈..≈.....##.....
≈≈≈≈≈≈≈≈≈........#...#
≈≈≈≈P≈≈≈≈P....≈≈3@..#
≈≈≈≈P≈.≈≈...##.≈@...#
≈≈≈≈≈≈.<≈..†.##.....##
≈≈≈≈≈P........###.≈.....
≈≈≈≈≈≈..#......##.....≈.
≈≈≈≈≈.........†...≈...≈≈
≈≈≈≈≈≈........).......≈≈
≈≈≈≈≈≈≈.≈≈.≈≈..≈.....≈≈.
≈≈≈≈≈≈≈≈≈...≈...≈.....≈.
≈≈≈≈≈≈≈≈≈≈..≈≈..≈≈≈...


You could see Nikola and a friendly ynoxinul (summoned).

Vanquished Creatures
  Rupert (Spider:1)
  Agnes (Spider:1)
  A sphinx (Vaults:3)
  A tentacled starspawn (Abyss:4)
  Kirke (Spider:3)
  An ancient champion (Vaults:2)
  Donald (Elf:1)
  2 tengu reavers
  A storm dragon (Vaults:4)
  6 vault wardens
  3 frost giants
  5 emperor scorpions
  3 ghost moths (Spider:4)
  An orc warlord (D:9)
  11 ironheart preservers
  A very ugly thing (Vaults:3)
  4 stone giants
  A deep elf demonologist (Vaults:4)
  6 entropy weavers
  Nessos (Lair:4)
  A deep elf annihilator (Vaults:3)
  2 ettins
  A crystal guardian (Vaults:4)
  An eidolon (Abyss:4)
  2 jiangshi (Vaults:2)
  2 deep elf death magi (Vaults:4)
  5 yaktaur captains
  A merfolk impaler (Shoals:1)
  A deep elf high priest (Elf:1)
  2 fire dragons
  2 great orbs of eyes
  3 hydras
  2 rakshasas
  8 vault guards
  3 ice dragons
  4 catoblepae
  A merfolk avatar (Shoals:1)
  4 centaur warriors
  A deep troll earth mage (Vaults:3)
  8 ogre magi
  21 dancing weapons
  26 two-headed ogres
  A queen ant (Lair:4)
  A death knight (Vaults:2)
  2 death yaks
  3 orc high priests (Orc:2)
  A tengu warrior (D:13)
  17 deep elf knights
  A sun demon (Abyss:4)
  Urug (Lair:5)
  A wretched star (Abyss:4)
  Sonja (Orc:2)
  3 skeletal warriors (Vaults:1)
  A sixfirhy (Abyss:4)
  A tengu zombie (Vaults:2)
  A flayed ghost (Abyss:4)
  2 small abominations
  4 deep trolls
  A shadow wraith (Vaults:4)
  6 starcursed masses (Abyss:4)
  A swamp dragon (Lair:6)
  2 unseen horrors
  A glowing orange brain (Vaults:1)
  13 ironbrand convokers
  A lindwurm (Lair:6)
  2 wizards (Vaults:3)
  6 deep elf archers
  19 orc knights
  A harpy (Vaults:3)
  A necromancer (Vaults:2)
  29 ugly things
  28 wolf spiders
  49 deep elf magi
  13 orb spiders
  2 human zombies (Vaults:2)
  8 orc sorcerers
  2 manticores
  A moth of wrath (Spider:4)
  Maurice (D:11)
  8 cyclopes
  6 black mambas
  2 elephants (Lair:6)
  10 vault sentinels
  An ice statue (IceCv)
  3 gargoyles
  2 torpor snails
  3 large abominations (Abyss:4)
  2 cane toads (shapeshifter)
  16 cane toads
  5 rime drakes
  An efreet (Abyss:4)
  16 yaktaurs
  6 kobold demonologists
  7 demonic crawlers
  7 freezing wraiths
  A troll (shapeshifter) (Elf:1)
  7 komodo dragons
  A queen bee (shapeshifter) (Vaults:2)
  34 jumping spiders
  Prince Ribbit (D:9)
  16 polar bears (IceCv)
  5 slime creatures
  7 trolls
  7 hornets
  A frost giant simulacrum (Vaults:2)
  A raiju (Abyss:4)
  2 dream sheep (Lair:6)
  9 hippogriffs
  13 blink frogs
  A shadow (D:15)
  A vampire (D:14)
  101 redbacks
  A spriggan (shapeshifter) (Vaults:2)
  A ynoxinul (Abyss:4)
  A hog (Spider:3)
  3 wyverns
  A wraith (Vaults:2)
  28 tarantellas
  A wyvern (shapeshifter) (Vaults:3)
  55 yaks
  A chaos spawn (Abyss:4)
  4 fire elementals
  5 basilisks
  3 steam dragons
  Grum (D:11)
  3 vampire mosquitoes (D:12)
  A naga (shapeshifter) (Elf:2)
  A warg (Orc:1)
  5 acid dragons
  11 soldier ants
  A hell hound (Abyss:4)
  4 water moccasins
  6 sky beasts
  53 orc warriors
  12 porcupines
  A swamp drake (Lair:6)
  7 ice beasts
  2 phantoms
  2 black bears
  A sky beast (shapeshifter) (Vaults:1)
  A necrophage (D:13)
  An ettin simulacrum (Vaults:2)
  3 eyes of draining
  31 ogres
  4 boggarts
  23 wolves
  10 centaurs
  14 crocodiles
  2 big kobolds
  23 bullfrogs
  A wyvern zombie (D:14)
  3 earth elementals
  2 wyvern skeletons
  2 scorpions
  3 killer bees (D:10)
  5 wights
  6 howler monkeys
  11 electric eels
  3 bullfrog zombies
  A crimson imp (D:7)
  A centaur zombie (D:10)
  2 human simulacra
  5 hounds
  5 jellies
  32 orc priests
  25 orc wizards
  8 centaur skeletons
  3 bullfrog skeletons
  4 iguanas
  24 worker ants
  2 hound zombies
  Robin (D:5)
  21 adders
  9 gnolls
  A howler monkey skeleton (D:4)
  A shadow imp (D:8)
  5 white imps
  2 ufetubi
  3 adder skeletons
  2 adder zombies
  3 worms
  4 dart slugs
  3 leopard geckos
  122 orcs
  5 ball pythons
  6 giant cockroaches
  26 goblins
  21 hobgoblins
  6 jackals
  7 quokkas
  8 bats
  7 frilled lizards
  A jackal skeleton (D:4)
  18 kobolds
  A quokka skeleton (D:8)
  7 rats
  2 crawling corpses (Vaults:4)
1451 creatures vanquished.

Vanquished Creatures (collateral kills)
  Saint Roka (Orc:2)
  Arachne (Spider:3)
  Asterion (Spider:2)
  An emperor scorpion (Spider:4)
  A dire elephant (Lair:6)
  A yaktaur captain (Vaults:2)
  A vault guard (D:13)
  2 hydras
  A two-headed ogre (D:10)
  A dancing weapon (Elf:2)
  An orc knight (Orc:2)
  A deep elf mage (Elf:2)
  An orb spider (Spider:2)
  2 vault sentinels
  A centaur skeleton (D:13)
  A demonic crawler (Spider:3)
  A yaktaur (Vaults:2)
  A jumping spider (Spider:3)
  A troll (D:9)
  A redback (Spider:2)
  A tarantella (Spider:1)
  An orc warrior (Orc:2)
  A porcupine (Lair:1)
  2 bullfrogs (Lair:1)
  A water moccasin skeleton (D:9)
  An orc priest (Orc:2)
  An orc wizard (Orc:2)
  An iguana (D:13)
  2 worker ants (Lair:4)
  3 orcs (D:9)
  A jackal (D:9)
37 creatures vanquished.

Vanquished Creatures (others)
  A deep elf knight (Vaults:2)
  A deep elf mage (Elf:2)
  A demonic crawler (Spider:3)
  A stone giant simulacrum (Abyss:4)
  4 humans (Spider:3)
  A chaos spawn (Abyss:4)
  A boggart (Vaults:1)
  An orc priest (Orc:2)
  An orc wizard (D:12)
  4 bushes (Lair:6)
  64 fungi
  120 plants
  2 starspawn tentacles (Abyss:4)
202 creatures vanquished.

Grand Total: 1690 creatures vanquished

Notes
Turn   | Place    | Note
-------+----------+-------------------------------------------
     0 | D:5      | toffzen the Minotaur Delver began the quest for the Orb.
     0 | D:5      | Reached XP level 1. HP: 19/19 MP: 0/0
   196 | D:5      | Reached XP level 2. HP: 13/27 MP: 1/1
   435 | D:5      | Reached skill level 4 in Fighting
   490 | D:4      | Reached XP level 3. HP: 26/33 MP: 2/2
   595 | D:4      | Reached XP level 4. HP: 27/41 MP: 3/3
   814 | D:4      | Noticed Robin
  1033 | D:5      | Killed Robin
  1396 | D:4      | Found Pash's General Store.
  1412 | D:4      | Reached skill level 1 in Armour
  1412 | D:4      | Reached XP level 5. HP: 29/47 MP: 4/4
  2200 | D:4      | Found a white marble altar of Elyvilon.
  2276 | D:3      | Reached XP level 6. HP: 52/55 MP: 5/5
  2305 | D:3      | You fall into a shaft and drop 1 floor!
  2626 | D:2      | Reached skill level 5 in Fighting
  3058 | D:1      | Reached skill level 5 in Axes
  3767 | D:2      | Found a sacrificial altar of Ru.
  4257 | D:3      | Found a faded altar of an unknown god.
  4348 | D:3      | Reached skill level 5 in Stealth
  4632 | D:4      | Reached XP level 7. HP: 57/61 MP: 6/6
  5060 | D:4      | Found a staircase to the Ecumenical Temple.
  5080 | Temple   | Entered the Ecumenical Temple
  5181 | Temple   | Became a worshipper of Makhleb the Destroyer
  5437 | D:4      | Found a snail-covered altar of Cheibriados.
  5665 | D:5      | Got an ichor-stained long sword
  5701 | D:5      | Found Jofat's Book Emporium.
  5709 | D:5      | Noticed Duvessa
  5709 | D:5      | Noticed Dowan
  6222 | D:6      | Reached XP level 8. HP: 68/70 MP: 7/7
  6224 | D:6      | Reached skill level 6 in Fighting
  6430 | D:6      | Reached skill level 5 in Dodging
  6494 | D:6      | Found a runed translucent door.
  6495 | D:6      | Noticed Crazy Yiuf
  6694 | D:6      | Reached * piety under Makhleb
  7356 | D:7      | Reached skill level 5 in Armour
  7644 | D:7      | Reached XP level 9. HP: 63/78 MP: 8/8
  7723 | D:7      | Found an iron altar of Okawaru.
  7737 | D:7      | Reached skill level 7 in Fighting
  8052 | D:7      | Found Somafeut's Antique Weapon Shoppe.
  8529 | D:8      | Found a shattered altar of Ashenzari.
  8550 | D:8      | Found a sparkling altar of Nemelex Xobeh.
  8614 | D:8      | Reached ** piety under Makhleb
  8821 | D:8      | Reached skill level 10 in Axes
  8824 | D:8      | Found a staircase to the Lair.
  8859 | D:8      | Reached skill level 8 in Fighting
  9137 | D:8      | Noticed a two-headed ogre
  9299 | D:8      | Reached skill level 1 in Invocations
  9447 | D:8      | Reached XP level 10. HP: 88/88 MP: 11/11
  9614 | D:8      | Identified the +8 long sword of Fragile Peace {vorpal, rC+
                  | Str+4} (You found it on level 5 of the Dungeon)
  9643 | D:8      | Reached skill level 5 in Invocations
  9702 | D:8      | Killed a two-headed ogre
 10546 | D:9      | Noticed Prince Ribbit
 10553 | D:9      | Killed Prince Ribbit
 10877 | D:9      | Reached *** piety under Makhleb
 11207 | D:9      | Found a staircase to the Orcish Mines.
 11734 | D:9      | Noticed a two-headed ogre
 11755 | D:9      | Killed a two-headed ogre
 11775 | D:9      | Found Ruamm's Magic Scroll Shop.
 11784 | D:9      | Bought a scroll of fear for 45 gold pieces
 11784 | D:9      | Bought a scroll of teleportation for 39 gold pieces
 12000 | D:10     | Entered Level 10 of the Dungeon
 12013 | D:10     | Found Ukafrof's Jewellery Emporium.
 12014 | D:10     | Noticed a two-headed ogre
 12021 | D:10     | Killed a two-headed ogre
 12021 | D:10     | Reached skill level 9 in Fighting
 12021 | D:10     | Reached XP level 11. HP: 52/97 MP: 15/15
 12203 | D:10     | Noticed a two-headed ogre
 12208 | D:10     | Killed a two-headed ogre
 12728 | D:10     | Found Tinait's Assorted Antiques.
 12739 | D:10     | Found a runed translucent gate.
 12739 | D:10     | Found a runed translucent gate.
 12739 | D:10     | Found an opulent altar of Gozag.
 12740 | D:10     | Found a runed translucent gate.
 12741 | D:10     | Noticed toffzen's ghost (journeyman PaBe)
 12745 | D:10     | Noticed a fire dragon
 12957 | Lair:1   | Entered Level 1 of the Lair of Beasts
 13547 | Lair:1   | Noticed a four-headed hydra
 13559 | Lair:1   | Killed a four-headed hydra
 14188 | Lair:2   | Noticed an eight-headed hydra
 14196 | Lair:2   | Killed an eight-headed hydra
 14402 | Lair:2   | Found a staircase to the Shoals.
 14931 | Lair:2   | Reached skill level 10 in Fighting
 15757 | Lair:3   | Reached XP level 12. HP: 107/107 MP: 17/17
 15986 | Lair:3   | Reached skill level 1 in Shields
 16029 | Lair:3   | Reached **** piety under Makhleb
 16189 | Lair:3   | Found a hole to the Spider Nest.
 16600 | Lair:3   | Reached skill level 10 in Armour
 16792 | Lair:4   | Noticed an eight-headed hydra
 16843 | Lair:4   | Noticed a four-headed hydra
 16945 | Lair:3   | Killed an eight-headed hydra
 17271 | Lair:4   | Reached skill level 11 in Fighting
 17427 | Lair:4   | Identified the +7 spear of Wariness {freeze, rC+ Str+3
                  | Int+3} (You found it on level 4 of the Lair of Beasts)
 17453 | Lair:4   | Noticed an entropy weaver
 17464 | Lair:4   | Killed a four-headed hydra
 17464 | Lair:4   | Reached skill level 10 in Dodging
 17685 | Lair:4   | Killed an entropy weaver
 17818 | Lair:4   | Noticed an entropy weaver
 18199 | Lair:4   | Killed an entropy weaver
 18199 | Lair:4   | Reached skill level 5 in Shields
 18466 | Lair:4   | Noticed a queen ant
 18495 | Lair:4   | Killed a queen ant
 18495 | Lair:4   | Reached skill level 12 in Fighting
 18543 | Lair:4   | Noticed Nessos
 19012 | Lair:4   | Killed Nessos
 19392 | Lair:5   | Noticed Urug
 19401 | Lair:5   | Killed Urug
 19483 | Lair:4   | Reached XP level 13. HP: 119/119 MP: 18/18
 19901 | Lair:5   | Reached skill level 13 in Fighting
 20358 | Lair:6   | Entered Level 6 of the Lair of Beasts
 20484 | Lair:6   | Found a staircase to the Slime Pits.
 20485 | Lair:6   | Found a viscous altar of Jiyva.
 21098 | Lair:6   | Reached ***** piety under Makhleb
 21117 | Lair:6   | Noticed a fire dragon
 21135 | Lair:6   | Killed a fire dragon
 22077 | Lair:6   | Reached skill level 10 in Invocations
 22189 | Lair:6   | Noticed a dire elephant
 22377 | Lair:6   | Killed a dire elephant
 22377 | Lair:6   | Reached skill level 14 in Fighting
 22377 | Lair:6   | Reached skill level 10 in Shields
 22614 | D:11     | Noticed Grum
 22630 | D:11     | Killed Grum
 22866 | D:11     | Noticed Maurice
 22868 | D:11     | Paralysed by Maurice for 7 turns
 22880 | D:11     | Killed Maurice
 23593 | Orc:1    | Entered Level 1 of the Orcish Mines
 23708 | Orc:1    | Noticed an orc warlord
 23765 | D:9      | Killed an orc warlord
 23765 | D:9      | Reached XP level 14. HP: 128/132 MP: 20/20
 24163 | D:9      | HP: 6/132 [orc knight/+0 great mace (19)]
 24749 | Orc:1    | Found Bodial's General Store.
 24775 | Orc:1    | Bought a scroll of teleportation for 42 gold pieces
 24972 | Orc:2    | Entered Level 2 of the Orcish Mines
 25277 | Orc:2    | Found Sitajoz's Gadget Emporium.
 25385 | Orc:2    | Found a staircase to the Elven Halls.
 25399 | Orc:2    | Noticed Sonja
 25522 | Orc:2    | Killed Sonja
 25560 | Orc:2    | Noticed Saint Roka
 26775 | Orc:2    | Killed Saint Roka
 27765 | Orc:2    | Found Luoczyb's Armour Boutique.
 27765 | Orc:2    | Found Pykeockit's Distillery.
 27767 | Orc:2    | Found Divanait's Gadget Boutique.
 27767 | Orc:2    | Found Nunethen's Distillery.
 27776 | Orc:2    | Bought a potion of heal wounds for 70 gold pieces
 27776 | Orc:2    | Bought a potion of might for 56 gold pieces
 27778 | Orc:2    | Bought a potion of haste for 150 gold pieces
 27778 | Orc:2    | Bought a potion of heal wounds for 75 gold pieces
 27778 | Orc:2    | Bought a potion of might for 60 gold pieces
 27778 | Orc:2    | Bought 2 potions of heal wounds for 150 gold pieces
 29233 | D:13     | Identified the +4 ring mail "Pidiceb" {Regen+ Dex+7 Stlth+}
                  | (You found it on level 13 of the Dungeon)
 29307 | D:13     | Identified a scroll of acquirement
 29307 | D:13     | Acquired a +2 broad axe of freezing
 29535 | D:13     | Found a gate to the Vaults.
 29774 | D:13     | Reached skill level 15 in Fighting
 30634 | D:14     | Reached XP level 15. HP: 125/141 MP: 15/22
 30732 | D:14     | Found a flagged portal.
 30739 | Bailey   | Entered a bailey
 30797 | Bailey   | Found an iron altar of Okawaru.
 30853 | Bailey   | Reached ****** piety under Makhleb
 31067 | Bailey   | Acquired the +8 frozen axe "Frostbite" {freezing cloud,
                  | *Noise +Fly rC+}
 31068 | Bailey   | Found the +8 frozen axe "Frostbite" {freezing cloud, *Noise
                  | +Fly rC+}
 31955 | D:15     | Entered Level 15 of the Dungeon
 32143 | D:15     | Found a frozen archway.
 32155 | IceCv    | Entered an ice cave
 32674 | IceCv    | Noticed a frost giant
 32688 | IceCv    | Killed a frost giant
 33685 | D:15     | Found a staircase to the Depths.
 33685 | D:15     | Noticed a frost giant
 33693 | D:15     | Killed a frost giant
 34153 | Spider:1 | Entered Level 1 of the Spider Nest
 34352 | Spider:1 | Noticed Rupert
 34365 | Spider:1 | Killed Rupert
 34795 | Spider:1 | Noticed Agnes
 34804 | Spider:1 | Killed Agnes
 34804 | Spider:1 | Reached skill level 16 in Fighting
 34804 | Spider:1 | Reached XP level 16. HP: 63/151 MP: 8/24
 35075 | Spider:1 | Reached skill level 15 in Axes
 35771 | Spider:2 | Noticed Asterion
 35777 | Spider:2 | Killed Asterion
 36967 | Spider:2 | You fall into a shaft and drop 1 floor!
 36967 | Spider:3 | Noticed Arachne
 36979 | Spider:3 | Killed Arachne
 37941 | Spider:3 | Noticed Kirke
 37953 | Spider:3 | Killed Kirke
 38296 | Spider:4 | Entered Level 4 of the Spider Nest
 39518 | Spider:4 | Reached XP level 17. HP: 160/160 MP: 22/25
 39552 | Spider:4 | Reached skill level 17 in Fighting
 40342 | Spider:4 | Got a gossamer rune of Zot
 40780 | Vaults:1 | Entered Level 1 of the Vaults
 41163 | Vaults:1 | Found Lekleadd's Magic Scroll Emporium.
 41175 | Vaults:1 | Bought a scroll of teleportation for 39 gold pieces
 41175 | Vaults:1 | Bought a scroll of blinking for 97 gold pieces
 41175 | Vaults:1 | Bought a scroll of fog for 26 gold pieces
 42589 | Vaults:2 | Identified the cursed +1 chain mail "Pemuxt" {Str-2 Int+5
                  | Slay-2 Stlth+} (You found it on level 2 of the Vaults)
 43506 | Vaults:2 | Found a staircase to the Crypt.
 43517 | Vaults:2 | Reached XP level 18. HP: 153/171 MP: 22/27
 43834 | Vaults:2 | Reached skill level 15 in Armour
 44023 | Vaults:2 | Found Waficvao's Antique Armour Boutique.
 44081 | Vaults:2 | Reached skill level 18 in Fighting
 45126 | Vaults:3 | Reached skill level 15 in Dodging
 45911 | Vaults:3 | Found the +4 robe of Augmentation {Str+4 Int+4 Dex+4}
 46436 | Vaults:4 | Reached skill level 15 in Invocations
 46439 | Vaults:4 | Reached XP level 19. HP: 165/181 MP: 19/29
 46651 | Vaults:4 | Found Yretekeb's Antique Weapon Shop.
 47708 | Vaults:4 | Reached skill level 19 in Fighting
 48109 | Vaults:4 | Noticed Foufiw's ghost (adept DENe)
 48110 | Vaults:4 | Found a runed translucent gate.
 48110 | Vaults:4 | Found a runed translucent gate.
 48110 | Vaults:4 | Found a runed translucent gate.
 48742 | Elf:1    | Entered Level 1 of the Elven Halls
 48816 | Elf:1    | Noticed Donald
 48825 | Elf:1    | Killed Donald
 49143 | Elf:1    | Found an ancient bone altar of Kikubaaqudgha.
 49855 | Elf:1    | Upgraded the game from 0.26-a0-597-gb535b0901c to
                  | 0.26-a0-639-g72c4674329
 50145 | Elf:2    | HP: 9/183 [deep elf mage/bolt of lightning (12)]
 50175 | Elf:2    | Found a runed translucent door.
 50730 | Elf:2    | Found a runed translucent door.
 52446 | Elf:2    | Found a runed translucent door.
 52519 | Elf:2    | Cast into level 4 of the Abyss (+4 glaive of distortion)
 52519 | Abyss:4  | Found a corrupted altar of Lugonu.
 52611 | Abyss:4  | Reached XP level 20. HP: 152/152 MP: 28/30
 52868 | Elf:2    | Escaped the Abyss
 53082 | Shoals:1 | Entered Level 1 of the Shoals
 53247 | Shoals:1 | Noticed Nikola
 53256 | Shoals:1 | HP: 7/191 [Nikola/chain lightning (24)]
 53256 | Shoals:1 | Killed from afar by Nikola

Illustrated notes

Levels and vault maps discovered:
D:1:      nzn_arrival_settlement, layout_basic, roderic_roman_lattice,
          minmay_misc_feat_ornament, minmay_tetromino_o4
D:2:      layout_basic, lemuel_round_altar, serial_forest,
          infiniplex_forest_lined_room_3, infiniplex_forest_clump_double,
          infiniplex_forest_straight_2, infiniplex_forest_straight_1,
          infiniplex_forest_corner_2, infiniplex_forest_corner_1,
          infiniplex_forest_end_2, minmay_tripent
D:3:      layout_basic, chequers_ecumenical_altar_simple_redux,
          minmay_misc_feat_alley
D:4:      minmay_evil_eye, layout_rooms, kennysheep_slug_shrine,
          elyvilon_altar_4, minmay_temple_entry_glass,
          cheibrodos_sewer_entry_drain, serial_shops, shop, uniq_robin
D:5:      kennysheep_steamy, layout_loops_cross, serial_shops, shop,
          serial_bayou_crossing, uniq_duvessa
D:6:      layout_loops_ring, uniq_crazy_yiuf_cottage
D:7:      layout_loops_ring, serial_shops, shop, basic_altar,
          minmay_fire_ice_demons
D:8:      minmay_thinvault, layout_loops_corners,
          nicolae_overflow_hidden_temple, kennysheep_mini,
          due_lair_maze_entry_diamond
D:9:      layout_stronghold, erik_orc_2, serial_shops, nicolae_shop_statue_plus,
          grunt_ministairs_9, uniq_prince_ribbit1
D:10:     layout_roguey, ebering_ghost_gozag, serial_shops, shop,
          nicolae_shop_behind_doors
D:11:     layout_layer_cave, uniq_grum, uniq_maurice
D:12:     layout_small_grid, minmay_joined_circles
D:13:     layout_basic, lightli_vaults_fourway_checkpoint
D:14:     layout_stronghold, corexii_corridor_pit, enter_bailey_2,
          kennysheep_dice
D:15:     grunt_enter_depths_snipers, layout_basic,
          portal_ice_cave_entry_pillars_2, billiards_dpeg
Temple:   regret_index_temple_generic_petals
Lair:1:   layout_hall_layers
Lair:2:   wad_woods_structure_01, layout_chaotic_city, shoals_dummy_entry
Lair:3:   wander_river, layout_layer_cave, spider_nest_entry_rubble,
          st_stairs_13, columned_hall_lemuel
Lair:4:   layout_long_grid, minmay_another_anthill, uniq_nessos
Lair:5:   layout_hall_layers, nicolae_lair_grove_arrangements,
          serial_bayou_lagoon_b, uniq_urug
Lair:6:   hangedman_lair_in_review, layout_long_grid, guppyfry_lair_end_dragon,
          slime_altar_1, serial_forest, infiniplex_forest_clump_small,
          infiniplex_forest_clump_small, infiniplex_forest_lined_4_way,
          infiniplex_forest_clump_small, infiniplex_forest_zigzag_1,
          infiniplex_forest_end_3, infiniplex_forest_lined_2
Shoals:1: layout_shoals, nicolae_shoals_kraken_intersection, uniq_frances,
          uniq_roxanne, uniq_nikola, uniq_jorgrun
Spider:1: layout_chambers, uniq_agnes, uniq_rupert
Spider:2: layout_chambers, uniq_asterion
Spider:3: layout_spider_delve, uniq_arachne, uniq_kirke
Spider:4: spider_rune_water
Orc:1:    cheibrodos_orc_arena, layout_caves, serial_shops, nicolae_shop_trees,
          rock_pile
Orc:2:    grunt_orc_tribal_feast, layout_diamond_mine, serial_shops, shop,
          uniq_sonja, uniq_saint_roka
Elf:1:    elf_arrival_001, layout_geoelf_octagon, serial_sigils,
          serial_sigils_hangedman_writhe, serial_sigils_hangedman_scratch,
          serial_sigils_hangedman_shear, serial_sigils_hangedman_snap,
          basic_altar, hangedman_elven_crosses_minicolossus, uniq_donald
Elf:2:    layout_loops_cross, mu_enter_wizlab_5
Vaults:1: v_rooms_1, nicolae_vaults_big_angled_halls, v_misc_22,
          v_alt_pattern_5, ontoclasm_vaults_echo, v_rooms_3,
          hangedman_vaults_maws, vaults_dpeg_ring, layout_vaults_chaotic_city,
          serial_shops, nicolae_shop_waterfront
Vaults:2: minmay_crypt_entry_simple_corners, ontoclasm_vaults_claustrophobia,
          st_quartered_hall, vaults_standard_mumra_enter_the_diamond,
          vaults_mumra_hex, nicolae_vaults_big_ls, v_misc_28,
          vaults_room_door_ring, nicolae_vaults_angled_halls, v_misc_26,
          v_misc_5, grunt_vaults_hallway_long, hangedman_vaults_impose,
          layout_vaults_maze, serial_shops, nicolae_shop_stone
Vaults:3: hangedman_vaults_impose, hangedman_vaults_maws,
          nicolae_vaults_little_squares_3, ontoclasm_vaults_shuriken,
          nicolae_vaults_little_squares_6, st_eye, ontoclasm_vaults_ring_small,
          grunt_vaults_twisty, grunt_vaults_funnel, ontoclasm_vaults_chip,
          layout_vaults_ring
Vaults:4: gammafunk_vaults_ghost_spectres, v_misc_8, ontoclasm_vaults_chip,
          ontoclasm_vaults_ring_square, vaults_room_pools, v_misc_3,
          grunt_vaults_hallway_short, vaults_room_door_hall,
          ontoclasm_vaults_pinch, layout_vaults_omnigrid, serial_shops, shop

Skill      XL: |  1  2  3  4  5  6  7  8  9 10 11 12 13 14 15 16 17 18 19 |
---------------+----------------------------------------------------------+-----
Fighting       | 4 5 6 8 9 10 12 14 15 16 17 18 19 | 19.5
Axes           | 3 4 5 6 8 10 11 12 13 14 15 16 17 18 | 18.8
Dodging        | 3 4 5 6 7 9 10 11 12 13 14 15 16 | 16.3
Armour         | 1 2 3 5 6 7 9 10 11 12 13 14 16 17 | 17.1
Stealth        | 5 6 |  6.0
Invocations    | 3 7 8 9 10 11 12 13 14 15 | 15.8
Shields        | 7 10 11 | 11.7

Action                   |  1- 3 |  4- 6 |  7- 9 | 10-12 | 13-15 | 16-18 | 19-21 || total
-------------------------+-------+-------+-------+-------+-------+-------+-------++-------
Melee: Hand axe          |    30 |    77 |       |       |       |       |       ||   107
       Headbutt          |     3 |    38 |    54 |   146 |   402 |   212 |    99 ||   954
       War axe           |       |   168 |   326 |    23 |       |       |       ||   517
       Long sword        |       |       |       |   272 |       |       |       ||   272
       Flail             |       |       |       |     1 |       |       |       ||     1
       Spear             |       |       |       |   235 |  1064 |       |       ||  1299
       Broad axe         |       |       |       |       |   295 |       |       ||   295
       Executioner's axe |       |       |       |       |   297 |   874 |   467 ||  1638
 Fire: Hand crossbow     |       |       |       |       |    39 |     6 |       ||    45
Throw: Stone             |    16 |    27 |    26 |     3 |       |       |       ||    72
Invok: Minor Destruction |       |       |       |   174 |    50 |    62 |       ||   286
       Lesser Servant of |       |       |       |    18 |    17 |    14 |    11 ||    60
       Major Destruction |       |       |       |       |     7 |       |     5 ||    12
Evoke: Wand              |       |       |     8 |    18 |    11 |     4 |       ||    41
  Use: Scroll            |       |     5 |    11 |    13 |    13 |     6 |     7 ||    55
       Potion            |       |       |     1 |     5 |     4 |     5 |     8 ||    23
 Stab: Sleeping          |     1 |     5 |     5 |     1 |       |       |       ||    12
       Distracted        |       |       |     1 |     3 |     1 |     4 |     5 ||    14
Armor: Leather armour    |     7 |    11 |       |       |       |       |       ||    18
       Scale mail        |       |    82 |   110 |    25 |       |       |       ||   217
       Plate armour      |       |       |       |   276 |   507 |   713 |   271 ||  1767
Dodge: Dodged            |    18 |   140 |   173 |   275 |   613 |   754 |   332 ||  2305
Block: Kite shield       |       |       |       |   170 |   526 |       |       ||   696
       Rpst.: Long sword |       |       |       |    54 |       |       |       ||    54

Table legend: (Time is in decaauts)
 A = Elapsed time spent in this place.
 B = Non-inter-level travel time spent in this place.
 C = Inter-level travel time spent in this place.
 D = Time resting spent in this place.
 E = Time spent auto-exploring this place.
 F = Levels seen in this place.
 G = Mean time per level.
                   A        B        C        D        E       F      G
               +--------+--------+--------+--------+--------+-----+--------+
         Total |  53534 |  50868 |   2666 |  15763 |  18766 |  38 | 1408.8 |
       Dungeon |  20052 |  18730 |   1322 |   5226 |   7394 |  15 | 1336.8 |
        Temple |    147 |    102 |     45 |      0 |     95 |   1 |  147.0 |
          Lair |   9001 |   8569 |    432 |   3103 |   3060 |   6 | 1500.2 |
        Shoals |    179 |    179 |      0 |     22 |    104 |   1 |  179.0 |
   Spider Nest |   6591 |   6324 |    267 |   2440 |   2240 |   4 | 1647.8 |
  Orcish Mines |   4245 |   3903 |    342 |   1645 |    806 |   2 | 2122.5 |
   Elven Halls |   3868 |   3764 |    104 |    952 |   1628 |   2 | 1934.0 |
        Vaults |   7827 |   7674 |    153 |   2159 |   3264 |   4 | 1956.8 |
         Abyss |    351 |    351 |      0 |     79 |      0 |   1 |  351.0 |
        Bailey |    634 |    634 |      0 |      6 |    173 |   1 |  634.0 |
      Ice Cave |    634 |    634 |      0 |    130 |      0 |   1 |  634.0 |
               +--------+--------+--------+--------+--------+-----+--------+

Top non-repeatable levels by time:
     D:8: 2899 daAuts
   Elf:2: 2647 daAuts
     D:5: 2225 daAuts
  Lair:3: 2182 daAuts
   Orc:2: 2149 daAuts
Vaults:2: 2115 daAuts
   Orc:1: 2096 daAuts
Vaults:3: 2090 daAuts
Spider:1: 2075 daAuts
Vaults:4: 1965 daAuts
     D:9: 1909 daAuts
  Lair:4: 1814 daAuts
Spider:4: 1720 daAuts
Vaults:1: 1655 daAuts
  Lair:6: 1632 daAuts
